 Dungeon Crawl Stone Soup version 0.30-a0-718-geaa24f58ff (webtiles) character file.

Game seed: 14817961654217340855

8899 testman the Victor of a Thousand Battles (level 11, -10/86 HPs)
             Began as a Demonspawn Wanderer on Jan 25, 2023.
             Was the Champion of Okawaru.
             Killed from afar by a gargoyle (29 damage)
             ... with a stone arrow
             ... on level 10 of the Dungeon.
             The game lasted 00:47:56 (10053 turns).

testman the Victor of a Thousand Battles (DsWn)    Turns: 10053, Time: 00:47:57

Health: -10/86     AC: 21    Str: 10    XL:     11   Next: 16%
Magic:  17/19      EV: 11    Int: 17    God:    Okawaru [******]
Gold:   380        SH:  0    Dex: 19    Spells: 11/21 levels left

rFire   + . .      SeeInvis +    Q - +7 long sword (vamp)
rCold   . . .      Faith    .    (no shield)
rNeg    . . .      Spirit   .    r - +4 ring mail of Altruism {Dex+3}
rPois   .          Reflect  .    b - +0 helmet
rElec   .          Harm     .    y - +0 cloak
rCorr   .          Rampage  .    x - +0 pair of gloves
Will    .....                    o - +1 pair of boots
Stlth   +                        (no amulet)
HPRegen 0.34/turn                O - ring of protection from fire
MPRegen 0.32/turn                K - ring of see invisible

@: ice-armoured
A: slimy green scales 1, powered by death 1, magic regeneration, weakness
stinger 2
a: Renounce Religion, Heroism, Finesse, Duel


You were on level 10 of the Dungeon.
You worshipped Okawaru.
Okawaru was exalted by your worship.
You visited 1 branch of the dungeon, and saw 10 of its levels.
You also visited: Ossuary and Bailey.

You collected 522 gold pieces.
You spent 142 gold pieces at shops.

Inventory:

Hand Weapons
 c - a +4 scimitar
 g - a +3 dagger of flaming
 i - a +2 spear of freezing
 t - a +1 dagger of venom
 Q - a +7 vampiric long sword (weapon)
Missiles
 p - 21 poisoned darts
 D - 23 boomerangs
 L - 2 curare-tipped darts
 N - a boomerang of dispersal
Armour
 b - a +0 helmet (worn)
 l - +0 fire dragon scales
 o - a +1 pair of boots (worn)
 r - the +4 ring mail of Altruism (worn) {Dex+3}
   (You took it off a gnoll on level 2 of the Dungeon)

   Dex:       It affects your dexterity (+3).
 x - a +0 pair of gloves (worn)
 y - a +0 cloak (worn)
 M - +0 steam dragon scales
 P - a +0 kite shield
 T - a +0 chain mail of poison resistance
Jewellery
 j - a ring of flight
 K - a ring of see invisible (right hand)
 O - a ring of protection from fire (left hand)
Wands
 d - a wand of roots (3)
 h - a wand of flame (18)
 v - a wand of paralysis (9)
Scrolls
 a - a scroll of torment
 m - 2 scrolls of teleportation
 n - a scroll of blinking {unknown}
 q - 5 scrolls of enchant armour
 s - a scroll of magic mapping
 B - 5 scrolls of immolation
 C - 2 scrolls of vulnerability {unknown}
 E - a scroll of butterflies
 G - a scroll of poison {unknown}
 H - 2 scrolls of enchant weapon
 S - a scroll of noise {unknown}
Potions
 e - 5 potions of attraction
 f - 3 potions of flight
 k - 8 potions of curing
 u - 2 potions of mutation
 w - a potion of heal wounds
 z - 3 potions of lignification
 A - a potion of magic {unknown}
 F - a potion of brilliance {unknown}
 I - 2 potions of cancellation
 J - a potion of might {unknown}
 R - 5 potions of haste
 U - a potion of ambrosia {unknown}


   Skills:
 + Level 8.0 Fighting
 + Level 7.4 Long Blades
 - Level 1.0 Throwing
 - Level 4.4 Armour
 - Level 2.6 Dodging
 - Level 5.7 Spellcasting
 - Level 2.2 Conjurations
 - Level 2.1 Hexes
 - Level 6.0 Ice Magic
 + Level 10.2 Invocations
 - Level 1.0 Evocations


You had 11 spell levels left.
You knew the following spells:

 Your Spells              Type           Power      Damage    Failure   Level
a - Freeze                Ice            100%       1d10      2%          1
b - Frozen Ramparts       Ice            50%        1d8       8%          3
c - Ozocubu's Armour      Ice            25%        N/A       8%          3
d - Hailstorm             Conj/Ice       18%        3d6       17%         3

Your spell library contained the following spells:

 Spells                   Type           Power      Damage    Failure   Level
 Slow                     Hex            48%        N/A       13%         1
 Apportation              Tloc           8%         N/A       30%         1
 Necrotise                Necr           16%        1d4       30%         1
 Confusing Touch          Hex            12%        N/A       36%         3
 Dazzling Flash           Conj/Hex       24%        N/A       36%         3
 Inner Flame              Hex/Fire       8%         N/A       52%         3
 Gell's Gravitas          Tloc           4%         N/A       67%         3
 Teleport Other           Tloc           4%         N/A       67%         3
 Vampiric Draining        Necr           4%         2d6       67%         3
 Flame Wave               Conj/Fire      8%         2d5       89%         4
 Iskenderun's Mystic Bla  Conj/Tloc      8%         2d4       89%         4
 Sticky Flame             Conj/Fire      8%         2d3       89%         4
 Dispersal                Tloc           2%         N/A       100%        6
 Starburst                Conj/Fire      4%         6d3       100%        6
 Summon Small Mammal      Summ           Unusable   N/A       N/A         1
 Summon Ice Beast         Ice/Summ       Unusable   N/A       N/A         4

Dungeon Overview and Level Annotations

Branches:
Dungeon (10/15)            Temple (0/1) D:5            Lair (0/5) D:9
Ossuary (visited)          Bailey (visited)
    Orc: D:9-12

Altars:
Cheibriados
Dithmenos
Gozag
Hepliaklqana
Kikubaaqudgha
Makhleb
Nemelex Xobeh
Okawaru
Qazlal
Ru
Sif Muna
Uskayaw
Vehumet
Yredelemnul

Shops:
D:9 *


Innate Abilities, Weirdness & Mutations

You are partially covered in slimy green scales. (AC +2)
You regenerate a little health from kills.
You regenerate magic rapidly.
You have a tail ending in a sharp stinger.


Message History

U - a smoky brown potion
There is an open door here.
There is an open door here.
Found 5 datura-tipped darts.
Found a book of Air.
A gargoyle comes into view.
It is wielding a +0 flail of protection.
The gargoyle hits you but does no damage.
You barely miss the gargoyle.
The gargoyle hurls a stone arrow at you.
The stone arrow hits you!!
You hit the gargoyle but do no damage.
The gargoyle hits you with a +0 flail of protection!
You hit the gargoyle but do no damage.
You tail-slap the gargoyle, but do no damage.
The gargoyle barely misses you.
You closely miss the gargoyle.
The gargoyle hurls a stone arrow at you.
The stone arrow hits you!
Casting: Ozocubu's Armour (dangerous; 8% risk of failure)
Confirm with . or Enter, or press ? or * to list all spells.
A film of ice covers your body! The gargoyle completely misses you.
You slash the gargoyle!
You tail-slap the gargoyle, but do no damage.
The gargoyle is heavily damaged.
The gargoyle hurls a stone arrow at you.
The stone arrow hits you.
You slash the gargoyle!
The gargoyle is severely damaged.
The gargoyle hurls a stone arrow at you.
The stone arrow hits you!!
You hit the gargoyle but do no damage.
The gargoyle is severely damaged.
The gargoyle hurls a stone arrow at you.
The stone arrow hits you!
* * * LOW HITPOINT WARNING * * *
You hit the gargoyle but do no damage.
Your tail-slap misses the gargoyle.
The gargoyle is severely damaged.
The gargoyle hurls a stone arrow at you.
The stone arrow hits you!!
You die...

#.## *,,,,,* *, #.># #.***** *,
##.# #.# *, #.# ###.######## *,
#####.### #..........### ******+
........# #............#***,,,,,,
........# #..........#,,,**,,,,,,
........###......9...#**,**,,,,,,
..........#.....@....# *,**,,,,,,
........#.......(..:.# *,,+,,,,,,
........###..........# ****,,,,,,
.....)).# #..........# *****+*
#####.### ############ *,*
###.).# *,, ....### **, ##### *,
#######*** ****+


You could see a gargoyle.

Vanquished Creatures
  2 vault guards (Bailey)
  Pikel (D:8)
  A troll (D:9)
  A hornet (D:7)
  A blink frog (Bailey)
  Prince Ribbit (D:5)
  12 yaks
  2 humans (Bailey)
  2 steam dragons
  Menkaure (D:5)
  A water moccasin (D:5)
  4 orc warriors
  A sky beast (D:8)
  A black bear (D:7)
  2 ice beasts
  A lemure (D:8)
  3 ogres
  2 kobold brigands
  12 bullfrogs
  Blork the orc (D:5)
  An elf zombie (Ossuary)
  2 necrophages (D:7)
  A gnoll sergeant (D:9)
  5 scorpions
  8 wights
  A howler monkey (D:6)
  A crimson imp (D:3)
  6 orc priests
  3 hounds
  2 jellies (D:5)
  A gnoll bouda (D:6)
  2 iguanas
  10 orc wizards
  2 mummies (Ossuary)
  Robin (D:3)
  5 adders
  9 gnolls
  2 white imps
  A worm (D:2)
  2 dart slugs
  32 orcs
  A bat zombie (D:4)
  8 endoplasms
  4 giant cockroaches
  27 goblins
  7 hobgoblins
  6 jackals (D:4)
  13 kobolds
  6 quokkas
  8 ball pythons
  8 bats
  2 frilled lizards
  2 goblin zombies (Ossuary)
  8 hobgoblin zombies (Ossuary)
  2 jackal zombies (Ossuary)
  12 kobold zombies (Ossuary)
  10 orc zombies (Ossuary)
  5 rats (D:1)
  2 rat zombies
280 creatures vanquished.

Vanquished Creatures (others)
  19 fungi
  19 plants
38 creatures vanquished.

Grand Total: 318 creatures vanquished

Notes
Turn   | Place    | Note
-------+----------+-------------------------------------------
     0 | D:1      | testman the Demonspawn Wanderer began the quest for the
                  | Orb.
     0 | D:1      | testman set off with the following items: a +0 dagger, a +0
                  | helmet, a potion of berserk rage, a +0 robe, a potion of
                  | attraction; and the following spell memorised: Freeze; and
                  | the following spells available to memorise: Ozocubu's
                  | Armour, Summon Ice Beast.
     0 | D:1      | Reached XP level 1. HP: 13/13 MP: 3/3
   230 | D:1      | Gained mutation: You regenerate a little health from kills.
                  | [demonic ancestry]
   230 | D:1      | Reached XP level 2. HP: 20/20 MP: 0/5
   375 | D:1      | Reached skill level 1 in Fighting
   830 | D:1      | Gained mutation: You are partially covered in slimy green
                  | scales. (AC +2) [demonic ancestry]
   830 | D:1      | Reached XP level 3. HP: 26/26 MP: 6/6
  1110 | D:2      | Learned a level 3 spell: Frozen Ramparts
  1147 | D:2      | Found a faded altar of an unknown god.
  1155 | D:2      | Prayed at the altar of an unknown god.
  1155 | D:2      | Became a worshipper of Warmaster Okawaru
  1155 | D:2      | Reached * piety under Okawaru
  1191 | D:2      | Identified the +4 ring mail of Altruism {Dex+3}
  1196 | D:2      | HP: 1/26 [gnoll/bolt of dispelling energy (11)]
  1489 | D:1      | HP: 1/26 [poisoned by a gnoll]
  1599 | D:2      | Gained mutation: You regenerate magic rapidly. [demonic
                  | ancestry]
  1599 | D:2      | Reached XP level 4. HP: 26/32 MP: 4/8
  1903 | D:2      | Reached skill level 1 in Invocations
  2138 | D:3      | Found a radiant altar of Vehumet.
  2139 | D:3      | Found a burning altar of Makhleb.
  2168 | D:3      | Reached XP level 5. HP: 38/38 MP: 9/9
  2392 | D:3      | Noticed Robin
  2421 | D:3      | Killed Robin
  2461 | D:3      | Found a basalt altar of Yredelemnul.
  2506 | D:3      | Reached skill level 2 in Invocations
  2731 | D:3      | Reached ** piety under Okawaru
  2863 | D:4      | Gained mutation: You have a small tail. [demonic ancestry]
  2863 | D:4      | Reached XP level 6. HP: 46/46 MP: 11/11
  3019 | D:4      | Found a sand-covered staircase.
  3175 | Ossuary  | Entered an ossuary
  3339 | Ossuary  | Reached skill level 3 in Invocations
  3796 | D:4      | Gained mutation: You have a tail ending in a sharp stinger.
                  | [demonic ancestry]
  3796 | D:4      | Reached XP level 7. HP: 46/52 MP: 12/12
  4035 | D:4      | Found an ancient bone altar of Kikubaaqudgha.
  4186 | D:5      | Entered Level 5 of the Dungeon
  4377 | D:5      | Found a staircase to the Ecumenical Temple.
  4423 | D:5      | Learned a level 3 spell: Ozocubu's Armour
  4423 | D:5      | Noticed Menkaure
  4435 | D:5      | Killed Menkaure
  4436 | D:5      | Reached skill level 4 in Invocations
  4660 | D:5      | Found a stormy altar of Qazlal.
  4667 | D:5      | Found a shimmering blue altar of Sif Muna.
  4679 | D:5      | Found a snail-covered altar of Cheibriados.
  4743 | D:5      | Reached XP level 8. HP: 51/60 MP: 14/14
  4863 | D:5      | Noticed Blork the orc
  4875 | D:5      | Killed Blork the orc
  5052 | D:5      | Noticed Prince Ribbit
  5058 | D:5      | Killed Prince Ribbit
  5058 | D:5      | Reached *** piety under Okawaru
  5059 | D:5      | Reached skill level 5 in Invocations
  5324 | D:6      | Reached skill level 5 in Spellcasting
  5420 | D:6      | Reached skill level 5 in Ice Magic
  5593 | D:6      | Reached skill level 6 in Invocations
  5603 | D:6      | Reached skill level 5 in Fighting
  5851 | D:6      | Found a shadowy altar of Dithmenos.
  5857 | D:6      | Found an opulent altar of Gozag.
  6217 | D:7      | Reached XP level 9. HP: 67/68 MP: 17/17
  6320 | D:7      | Found a sparkling altar of Nemelex Xobeh.
  6358 | D:7      | Paralysed by a hornet for 2 turns
  6362 | D:7      | Reached **** piety under Okawaru
  6363 | D:7      | Reached skill level 1 in Long Blades
  6652 | D:7      | Reached skill level 7 in Invocations
  6991 | D:8      | Reached skill level 1 in Hexes
  7145 | D:8      | Noticed Pikel
  7171 | D:8      | Killed Pikel
  7171 | D:8      | Reached ***** piety under Okawaru
  7172 | D:8      | Reached skill level 1 in Conjurations
  7250 | D:8      | Found a sacrificial altar of Ru.
  7413 | D:8      | Learned a level 3 spell: Hailstorm
  8055 | D:8      | Reached XP level 10. HP: 54/71 MP: 15/18
  8198 | D:9      | Reached skill level 8 in Invocations
  8280 | D:9      | Reached skill level 5 in Long Blades
  8606 | D:9      | Found a hazy altar of Hepliaklqana.
  8655 | D:9      | Found a staircase to the Lair.
  8764 | D:9      | Found Baheosh's Assorted Antiques.
  8772 | D:9      | Bought a scroll of identify for 58 gold pieces
  8772 | D:9      | Bought a scroll of identify for 58 gold pieces
  8772 | D:9      | Bought a green potion for 26 gold pieces
  8894 | D:9      | Found a hide-covered altar of Uskayaw.
  9157 | D:10     | Entered Level 10 of the Dungeon
  9173 | D:10     | Noticed a two-headed ogre
  9296 | D:10     | Received a gift from Okawaru
  9302 | D:10     | Reached skill level 9 in Invocations
  9321 | D:10     | Found a flagged portal.
  9341 | Bailey   | Entered a bailey
  9477 | Bailey   | Noticed a vault guard
  9500 | Bailey   | Killed a vault guard
  9501 | Bailey   | Reached XP level 11. HP: 58/85 MP: 13/19
  9611 | Bailey   | Noticed a vault guard
  9638 | Bailey   | Killed a vault guard
  9638 | Bailey   | Reached ****** piety under Okawaru
  9638 | Bailey   | Received a gift from Okawaru
  9639 | Bailey   | Reached skill level 10 in Invocations
 10053 | D:10     | Killed from afar by a gargoyle

Illustrated notes

Levels and vault maps discovered:
D:1:      dpeg_arrival_rooms_b, layout_rooms, grunt_decor_resistance
D:2:      minmay_diamond_boxcup, layout_rooms,
          shapermc_ecumenical_altar_mp_ritualfount
D:3:      layout_rooms, grunt_temple_overflow_lords_of_destruction,
          kennysheep_ying_yang, uniq_robin
D:4:      layout_loops_corners, lemuel_zombie_altar_kikubaaqudgha,
          nicolae_ossuary_entry_false_entrances
D:5:      layout_loops_ring, lemuel_crystal_altar, kennysheep_mini,
          cheibriados_altar_1, temple_pool_b, uniq_prince_ribbit1,
          uniq_blork_the_orc, uniq_menkaure
D:6:      layout_cave_pools, gammafunk_temple_overflow_forgotten
D:7:      layout_rooms, lemuel_crystal_altar, grunt_ministairs_7,
          kennysheep_decorative_pillar
D:8:      layout_basic, nicolae_overflow_crystal_walls, uniq_pikel
D:9:      layout_loops_cross, kennysheep_mini_moat,
          mainiacjoe_overflow_tiny_flanked, grunt_lair_entry_orc_guard_hut,
          serial_shops, nicolae_shop_overgrown_old_shop,
          chequers_decorated_corner, hangedman_decor_slide_cut,
          grunt_decor_mini_mirrors
D:10:     layout_roguey, enter_bailey_5

Skill      XL: |  1  2  3  4  5  6  7  8  9 10 11 |
---------------+----------------------------------+-----
Ice Magic      | 2 3 4 5 6 |  6.0
Fighting       | 1 2 3 5 6 7 8 |  8.0
Spellcasting   | 3 4 5 |  5.7
Invocations    | 1 2 3 4 6 7 9 10 | 10.2
Armour         | 2 3 4 |  4.4
Long Blades    | 3 7 |  7.4
Hexes          | 2 |  2.1
Conjurations   | 2 |  2.2
Throwing       | |  1.0
Dodging        | |  2.6
Evocations     | |  1.0

Action                     |  1- 3 |  4- 6 |  7- 9 | 10-12 || total
---------------------------+-------+-------+-------+-------++-------
  Melee: Dagger            |    82 |   399 |   300 |       ||   781
         Punch             |       |     4 |     5 |     1 ||    10
         Tailslap          |       |    29 |    61 |    29 ||   119
         Scimitar          |       |       |    29 |    66 ||    95
         Long sword        |       |       |       |   116 ||   116
  Throw: Boomerang         |       |       |     4 |       ||     4
   Cast: Freeze            |    22 |     1 |     2 |     1 ||    26
         Frozen Ramparts   |     4 |       |    31 |    23 ||    58
         Ozocubu's Armour  |       |       |    10 |    12 ||    22
         Hailstorm         |       |       |       |     5 ||     5
    Use: Scroll            |       |     6 |     6 |     5 ||    17
         Potion            |       |       |     2 |     1 ||     3
   Stab: Sleeping          |     1 |       |       |       ||     1
 Armour: Robe              |    31 |       |       |       ||    31
         Ring mail         |       |   211 |   150 |    81 ||   442
  Dodge: Dodged            |    62 |   228 |   164 |    88 ||   542

Table legend: (Time is in decaauts)
 A = Elapsed time spent in this place.
 B = Non-inter-level travel time spent in this place.
 C = Inter-level travel time spent in this place.
 D = Time resting spent in this place.
 E = Time spent auto-exploring this place.
 F = Levels seen in this place.
 G = Mean time per level.
                   A        B        C        D        E       F      G
               +--------+--------+--------+--------+--------+-----+--------+
         Total |  10087 |   9542 |    545 |    560 |   6546 |  12 |  840.6 |
       Dungeon |   9255 |   8710 |    545 |    560 |   6067 |  10 |  925.5 |
       Ossuary |    264 |    264 |      0 |      0 |     54 |   1 |  264.0 |
        Bailey |    567 |    567 |      0 |      0 |    424 |   1 |  567.0 |
               +--------+--------+--------+--------+--------+-----+--------+

Top non-repeatable levels by time:
     D:5: 1312 daAuts
     D:1: 1245 daAuts
     D:4: 1169 daAuts
     D:8: 1161 daAuts
     D:9: 1114 daAuts
     D:7: 829 daAuts
     D:3: 775 daAuts
     D:2: 735 daAuts
     D:6: 650 daAuts
  Bailey: 567 daAuts
 Ossuary: 264 daAuts
    D:10: 260 daAuts
